cohdb
Replays
Latest Replays
All Replays
Popular Replays
Top Player Replays
Match Explorer
How It Works
Community
CoH3 Stats
Reddit
Sign in to upload your games and track your stats! →
Sign in with Steam
Match 39076687
Unlisted
Match 39076687
Overview
Messages
Build Orders
End
Construct Infanterie Kompanie
MG 42 Machine Gun Team
Grenadier Squad
Grenadier Squad
Grenadier Squad
Construct Panzergrenadier Kompanie
Infanterie Officer Quarters
GrW 34 Mortar Team
Pak 40 Anti-tank Gun Team
251 Medium Carrier
Construct Panzer Kompanie
Selects Mechanized Battlegroup
Selects Mechanized Battlegroup
Selects Mobile Repair Stations
Selects Wespe Self-propelled Artillery
Prime
LordOfThrones
Sandro67891
raven182
STALKER4732
.
szwed
makke
0
0
Comments
sign in to comment!
No comments posted yet!